 Dungeon Crawl Stone Soup version 0.32-a0-656-g3542139ebd (webtiles) character file.

Game seed: 10378974453710757228

27934 bjtr the Thaumaturge (level 13, -46/91 HPs)
             Began as a Demonspawn Conjurer on Mar 9, 2024.
             Was an Elder of Vehumet.
             Annihilated by a titanic slime creature (91 damage)
             ... on level 12 of the Dungeon.
             The game lasted 01:20:57 (17149 turns).

bjtr the Thaumaturge (Demonspawn Conjurer)         Turns: 17149, Time: 01:20:58

Health: -46/91     AC: 15    Str:  8    XL:     13   Next: 7%
Magic:  5/30       EV: 19    Int: 22    God:    Vehumet [****..]
Gold:   1200       SH: 15    Dex: 13    Spells: 12/39 levels left

rFire   + . .        b - +2 scimitar (flame)
rCold   + . .        k - +0 buckler
rNeg    . . .        q - +0 steam dragon scales
rPois   .            o - +1 helmet
rElec   .            I - scarf {rC+ rF+}
rCorr   .            p - +2 pair of gloves {hurl}
SInv    .            (no boots)
Will    .....        H - amulet of reflection
Stlth   +++          j - +4 ring of protection
HPRegen 0.35/turn    A - +4 ring of slaying
MPRegen 0.22/turn

%: repel missiles, reflection
@: no status effects
A: repulsion field 3, condensation shield, demonic magic 2, demonic touch 2
a: Renounce Religion


You were on level 12 of the Dungeon.
You worshipped Vehumet.
Vehumet was greatly pleased with you.
You visited 1 branch of the dungeon, and saw 12 of its levels.
You also visited: Sewer and Ice Cave.

You collected 1200 gold pieces.

Inventory:

Hand Weapons
 a - a +5 dagger of venom
 b - a +2 scimitar of flaming (weapon)
 O - a +0 broad axe
 Y - the +6 scimitar "Voovo" {spect, rElec}
   (You found it on level 10 of the Dungeon)

   rElec:     It insulates you from electricity.
Missiles
 l - 27 poisoned darts
 m - 5 atropa-tipped darts
 y - 6 javelins (quivered)
 P - a curare-tipped dart
Armour
 k - a +0 buckler (worn)
 o - a +1 helmet (worn)
 p - a +2 pair of gloves of hurling (worn)
 q - +0 steam dragon scales (worn)
 u - a +0 robe of resistance
 C - a +2 leather armour of resistance
 I - a scarf of resistance (worn)
Jewellery
 j - a +4 ring of protection (left hand)
 x - an amulet of the acrobat
 A - a +4 ring of slaying (right hand)
 F - a ring of see invisible
 H - an amulet of reflection (around neck)
 K - a +4 ring of protection
 V - a ring of flight
Wands
 h - a wand of flame (12)
 v - a wand of charming (15)
 R - a wand of iceblast (4)
Scrolls
 c - a scroll of vulnerability
 d - a scroll of immolation
 i - 6 scrolls of enchant weapon
 s - 6 scrolls of teleportation
 w - a scroll of blinking
 S - 2 scrolls of amnesia
Potions
 e - 2 potions of haste
 f - 2 potions of invisibility
 n - 4 potions of curing
 z - 5 potions of heal wounds
 B - a potion of magic
 D - 3 potions of might
 G - a potion of brilliance
 J - 3 potions of mutation
 M - 2 potions of berserk rage
 N - 2 potions of lignification
 Q - a potion of cancellation {unknown}
Miscellaneous
 g - a phial of floods
 T - a box of beasts


   Skills:
 + Level 5.3 Fighting
 - Level 3.4 Armour
 + Level 8.1 Dodging
 + Level 6.3 Stealth
 + Level 8.1 Shields
 * Level 13.9 Spellcasting
 * Level 12.1 Conjurations


You had 12 spell levels left.
You knew the following spells:

 Your Spells              Type           Power      Damage    Failure   Level
a - Magic Dart            Conj           100%       1d8       1%          1
b - Searing Ray           Conj           100%       2d8       1%          2
c - Foxfire               Conj/Fire      100%       2x1d9     1%          1
d - Mephitic Cloud        Conj/Alch/Air  33%        N/A       1%          3
e - Iskenderun's Mystic   Conj/Tloc      42%        2d10      1%          4
f - Fireball              Conj/Fire      21%        3d10      3%          5
g - Ignite Poison         Fire/Alch      15%        N/A       16%         4
h - Orb of Destruction    Conj           31%        9d10      9%          7

Your spell library contained the following spells:

 Spells                   Type           Power      Damage    Failure   Level
 Fulminant Prism          Conj/Alch      21%        3d12      1%          4
 Necrotise                Necr           60%        1d7       6%          1
 Cigotuvi's Dreadful Rot  Necr/Alch/Air  30%        N/A       9%          2
 Lesser Beckoning         Tloc           30%        N/A       9%          2
 Gell's Gravitas          Tloc           15%        N/A       17%         3
 Teleport Other           Tloc           15%        N/A       17%         3
 Tukima's Dance           Hex            15%        N/A       17%         3
 Vampiric Draining        Necr           15%        2d7       17%         3
 Conjure Ball Lightning   Conj/Air       21%        3x3d6     19%         6
 Yara's Violent Unravell  Hex/Alch       7%         3d5       36%         5
 Dimensional Bullseye     Hex/Tloc       7%         N/A       50%         4
 Dispel Undead            Necr           15%        3d10      50%         4
 Martyr's Knell           Necr/Summ      15%        N/A       50%         4
 Passage of Golubria      Tloc           15%        N/A       50%         4
 Curse of Agony           Necr           15%        N/A       85%         5
 Death Channel            Necr           7%         N/A       100%        6
 Discord                  Hex            7%         N/A       100%        8
 Disjunction              Tloc           7%         N/A       100%        8


Dungeon Overview and Level Annotations

Branches:
Dungeon (12/15)            Temple (0/1) D:5            Lair (0/5) D:11
    Orc (0/2) D:11          Sewer (visited)           IceCv (visited)

Altars:
Cheibriados
Okawaru
Ru
Sif Muna
Uskayaw
Vehumet
Yredelemnul

Annotations:
D:6 2 transporters, ytrimaz's ghost, novice CoAr


Innate Abilities, Weirdness & Mutations

You are surrounded by a strong repulsion field. (EV +4, RMsl)
A meltable shield of frost defends you. (SH +4)
Spells you cast may paralyse nearby enemies.
Your touch may inflict irresistible damage on your foes.


Message History

The boulder beetle is severely wounded.
You block the boulder beetle's attack.
The slime creature is engulfed in blazing flames.
The titanic slime creature is engulfed in blazing flames.
You block the boulder beetle's attack.
The slime creature is engulfed in blazing flames.
The titanic slime creature is engulfed in blazing flames.
You catch the helpless boulder beetle completely off-guard!
You hit the boulder beetle. You burn the boulder beetle.
The boulder beetle is severely wounded.
The boulder beetle bites the titanic slime creature.
The titanic slime creature is engulfed in blazing flames.
The slime creature is engulfed in blazing flames.
Unknown command.
You hit the boulder beetle. You burn the boulder beetle.
The boulder beetle is severely wounded.
The boulder beetle seems less confused.
The boulder beetle is engulfed in blazing flames.
The boulder beetle leaps!
The titanic slime creature is engulfed in blazing flames.
The slime creature is engulfed in blazing flames.
You kill the slime creature!
Vehumet accepts your kill. The titanic slime creature hits you!!!
Ouch! That really hurt!
Unknown command.
The titanic slime creature attacks as it pursues you!
The titanic slime creature closely misses you.
Your magical contamination has completely faded away.
You see here 3 stones.
The titanic slime creature attacks as it pursues you!
You block the titanic slime creature's attack.
The titanic slime creature attacks as it pursues you!
The titanic slime creature barely misses you.
The titanic slime creature attacks as it pursues you!
The titanic slime creature hits you but does no damage.
The titanic slime creature attacks as it pursues you!
The titanic slime creature hits you!!!!
Ouch! That really hurt!
You die...

## #. .. #> ##.##
######.######## .....
#.............# .....
#.............# .....
#...^..@J.....# .....
#.............#####.....
#............(#....)..B.
#..............B###[....
#.............### .....
#####.######### #.###
#...### J# ###...## ..
###..# .J


You could see a titanic slime creature.

Vanquished Creatures
  Josephine (D:11)
  The ghost of runemasterragnar the Carver, a journeyman CoAr of Wu Jian (D:11)
  Erolcha (D:10)
  An ice dragon (IceCv)
  Erica (D:10)
  A centaur warrior (D:9)
  5 two-headed ogres
  The ghost of Jigsaw the Summoner, a novice FeSu of Kikubaaqudgha (D:9)
  An arcanist (D:9)
  A deep elf pyromancer (D:9)
  3 manticores (D:11)
  A cyclops (D:11)
  A spectral centaur (D:9)
  2 ice statues (IceCv)
  5 gargoyles
  An unseen horror (D:11)
  A kobold demonologist (D:9)
  2 komodo dragons
  Maggie (D:9)
  4 rime drakes (IceCv)
  Psyche (D:8)
  4 trolls
  A wind drake (shapeshifter) (D:11)
  A blink frog (shapeshifter) (D:9)
  A slime creature (D:12)
  A shadow (D:9)
  3 centaur simulacra (D:9)
  7 wraiths
  4 wyverns
  22 yaks
  4 steam dragons
  Edmund (D:5)
  3 acid dragons
  5 water moccasins
  3 orc warriors
  A sky beast (D:6)
  A black bear (D:5)
  An ice beast (D:5)
  An ogre (D:4)
  A laughing skull (D:9)
  4 centaurs
  2 phantoms (D:4)
  3 kobold brigands (D:9)
  5 bullfrogs
  5 scorpions
  18 wights
  9 killer bees
  3 lindwurm simulacra (IceCv)
  5 howler monkeys
  3 bombardier beetles
  5 hounds
  2 gnoll boudas
  7 komodo dragon simulacra (IceCv)
  4 orc priests
  2 jellies
  3 iguanas
  Natasha (twice) (D:3)
  5 orc wizards
  10 gnolls
  5 acid dragon simulacra (IceCv)
  16 adders
  A shadow imp (D:7)
  14 white imps
  6 steam dragon simulacra (IceCv)
  6 ribbon worms
  13 dart slugs
  24 orcs
  12 ball pythons
  5 endoplasms
  5 giant cockroaches
  5 goblins
  4 hobgoblins
  10 jackals
  6 quokkas
  7 bats
  11 frilled lizards
  8 kobolds
  6 rats
362 creatures vanquished.

Vanquished Creatures (others)
  A deep elf pyromancer (D:9)
  A bullfrog (D:11)
  80 foxfires
82 creatures vanquished.

Grand Total: 444 creatures vanquished

Notes
Turn   | Place    | Note
-------+----------+-------------------------------------------
     0 | D:1      | bjtr the Demonspawn Conjurer began the quest for the Orb.
     0 | D:1      | Reached XP level 1. HP: 13/13 MP: 3/3
   407 | D:1      | Gained mutation: You are surrounded by a mild repulsion
                  | field. (EV +2) [demonic ancestry]
   407 | D:1      | Reached XP level 2. HP: 19/19 MP: 3/5
   847 | D:1      | Learned a level 2 spell: Searing Ray
  1180 | D:2      | Gained mutation: Your touch may inflict minor irresistible
                  | damage on your foes. [demonic ancestry]
  1180 | D:2      | Reached XP level 3. HP: 24/24 MP: 1/6
  1343 | D:2      | Reached skill level 5 in Conjurations
  2170 | D:3      | Gained mutation: Spells you cast may paralyse adjacent
                  | enemies. [demonic ancestry]
  2170 | D:3      | Reached XP level 4. HP: 15/30 MP: 2/8
  2318 | D:3      | Noticed Natasha
  2327 | D:3      | Killed Natasha
  2328 | D:3      | Reached skill level 3 in Spellcasting
  2449 | D:3      | Gained mutation: A meltable shield of frost defends you.
                  | (SH +4) [demonic ancestry]
  2449 | D:3      | Reached XP level 5. HP: 11/35 MP: 6/10
  2874 | D:3      | Noticed Natasha
  2878 | D:3      | Killed Natasha
  3078 | D:3      | Found a faded altar of an unknown god.
  3128 | D:3      | Reached skill level 1 in Armour
  3238 | D:3      | Found a shimmering blue altar of Sif Muna.
  3253 | D:3      | Found a radiant altar of Vehumet.
  3257 | D:3      | Became a worshipper of Vehumet
  3573 | D:4      | Reached XP level 6. HP: 42/42 MP: 4/11
  3796 | D:4      | Reached skill level 1 in Shields
  3796 | D:4      | Reached skill level 4 in Spellcasting
  4097 | D:4      | Reached * piety under Vehumet
  4097 | D:4      | Offered knowledge of Shock by Vehumet.
  4267 | D:4      | Reached XP level 7. HP: 47/47 MP: 6/13
  4713 | D:5      | Entered Level 5 of the Dungeon
  4738 | D:5      | Reached skill level 1 in Fighting
  5056 | D:5      | Noticed Edmund
  5098 | D:5      | Gained mutation: Spells you cast may paralyse nearby
                  | enemies. [demonic ancestry]
  5098 | D:5      | Reached XP level 8. HP: 51/54 MP: 15/15
  5120 | D:5      | Found a glowing drain.
  5142 | Sewer    | Entered a sewer
  5259 | Sewer    | Reached ** piety under Vehumet
  5259 | Sewer    | Offered knowledge of Foxfire by Vehumet.
  5262 | Sewer    | Learned a level 1 spell: Foxfire
  5935 | D:5      | Reached skill level 5 in Spellcasting
  6000 | D:5      | Found a staircase to the Ecumenical Temple.
  6133 | D:5      | Killed Edmund
  6784 | D:6      | Offered knowledge of Dazzling Flash by Vehumet.
  6981 | D:6      | Found a transporter.
  6985 | D:6      | Found a transporter.
  7014 | D:6      | Gained mutation: Your touch may inflict irresistible damage
                  | on your foes. [demonic ancestry]
  7014 | D:6      | Reached XP level 9. HP: 61/61 MP: 17/17
  7089 | D:6      | Reached skill level 6 in Spellcasting
  7093 | D:6      | Reached *** piety under Vehumet
  7231 | D:6      | Noticed ytrimaz's ghost (novice CoAr)
  7664 | D:7      | Found a snail-covered altar of Cheibriados.
  7667 | D:7      | Identified a scroll of acquirement
  7667 | D:7      | Acquired a manual of Spellcasting
  8549 | D:7      | Offered knowledge of Mephitic Cloud by Vehumet.
  8551 | D:7      | Reached skill level 7 in Spellcasting
  8557 | D:7      | Learned a level 3 spell: Mephitic Cloud
  8562 | D:7      | Learned a level 4 spell: Iskenderun's Mystic Blast
  9403 | D:8      | Found a basalt altar of Yredelemnul.
  9406 | D:8      | Found a sacrificial altar of Ru.
  9406 | D:8      | Noticed Psyche
  9480 | D:8      | Found a hide-covered altar of Uskayaw.
  9485 | D:8      | Noticed a two-headed ogre
  9506 | D:8      | Killed a two-headed ogre
  9507 | D:8      | Reached XP level 10. HP: 34/69 MP: 21/21
  9733 | D:8      | Killed Psyche
  9862 | D:9      | Found a runed translucent gate.
  9862 | D:9      | Found a runed translucent gate.
  9862 | D:9      | Found a runed translucent gate.
  9866 | D:9      | Noticed Jigsaw's ghost (novice FeSu)
  9894 | D:9      | Found an iron altar of Okawaru.
  9929 | D:9      | Reached skill level 8 in Spellcasting
  9997 | D:9      | Reached skill level 5 in Dodging
  9997 | D:9      | Reached skill level 5 in Shields
 10199 | D:9      | Reached skill level 5 in Stealth
 10224 | D:9      | Reached skill level 9 in Spellcasting
 10313 | D:9      | Reached **** piety under Vehumet
 10510 | D:9      | Offered knowledge of Fireball by Vehumet.
 10511 | D:9      | Gained mutation: You are surrounded by a moderate repulsion
                  | field. (EV +3) [demonic ancestry]
 10511 | D:9      | Reached XP level 11. HP: 54/75 MP: 24/24
 10573 | D:9      | Noticed a deep elf pyromancer
 10580 | D:9      | Killed a deep elf pyromancer
 10721 | D:9      | Noticed a deep elf pyromancer
 10732 | D:9      | Killed a deep elf pyromancer
 10857 | D:9      | Reached skill level 10 in Conjurations
 10865 | D:9      | Noticed an arcanist
 10899 | D:9      | Killed an arcanist
 10900 | D:9      | Reached skill level 10 in Spellcasting
 11071 | D:9      | Identified the +2 ring mail of Istatog {rElec Regen+ Str-5
                  | Slay+2}
 11081 | D:9      | Noticed a two-headed ogre
 11096 | D:9      | Killed a two-headed ogre
 11769 | D:9      | Noticed a centaur warrior
 11785 | D:9      | Killed a centaur warrior
 11933 | D:9      | Noticed Maggie
 11951 | D:9      | Killed Maggie
 12343 | D:9      | Noticed a lightning spire
 12361 | D:9      | Killed Jigsaw's ghost
 12452 | D:9      | Learned a level 5 spell: Fireball
 12488 | D:10     | Entered Level 10 of the Dungeon
 12488 | D:10     | Noticed Erica
 12497 | D:10     | Killed Erica
 12718 | D:10     | Reached ***** piety under Vehumet
 12719 | D:10     | Offered knowledge of Ignite Poison by Vehumet.
 12747 | D:10     | Learned a level 4 spell: Ignite Poison
 12883 | D:10     | Reached skill level 11 in Spellcasting
 12883 | D:10     | Reached XP level 12. HP: 84/84 MP: 13/27
 13100 | D:10     | Noticed Erolcha
 13344 | D:10     | Identified the +6 scimitar "Voovo" {spect, rElec}
 13381 | D:10     | Noticed a two-headed ogre
 13392 | D:10     | Killed a two-headed ogre
 13409 | D:10     | Killed Erolcha
 13773 | D:11     | Reached skill level 12 in Spellcasting
 13956 | D:11     | Found a frozen archway.
 14096 | IceCv    | Entered an ice cave
 14112 | IceCv    | Reached skill level 5 in Fighting
 14747 | IceCv    | Reached skill level 13 in Spellcasting
 14751 | IceCv    | Offered knowledge of Orb of Destruction by Vehumet.
 14760 | IceCv    | Learned a level 7 spell: Orb of Destruction
 14996 | IceCv    | Noticed an ice dragon
 15010 | IceCv    | Killed an ice dragon
 15377 | D:11     | Found a staircase to the Lair.
 15643 | D:11     | Found a staircase to the Orcish Mines.
 15902 | D:11     | Noticed a two-headed ogre
 15914 | D:11     | Killed a two-headed ogre
 16318 | D:11     | Noticed Josephine
 16392 | D:11     | Killed Josephine
 16550 | D:11     | Found a runed translucent door.
 16551 | D:11     | Noticed runemasterragnar's ghost (journeyman CoAr)
 16831 | D:11     | Killed runemasterragnar's ghost
 16985 | D:12     | Gained mutation: You are surrounded by a strong repulsion
                  | field. (EV +4, RMsl) [demonic ancestry]
 16985 | D:12     | Reached XP level 13. HP: 57/91 MP: 24/30
 17149 | D:12     | Annihilated by a titanic slime creature

Illustrated notes

Levels and vault maps discovered:
D:1:      dpeg_arrival_tiny_a, layout_loops_corners, kennysheep_doodads
D:2:      layout_rooms, feat_on_display
D:3:      minmay_wonky_spiral, layout_basic, jmf_multi_god_temple2,
          basic_ecumenical_altar, uniq_natasha
D:4:      layout_basic
D:5:      layout_basic, minmay_temple_entry_stoned_glass,
          cheibrodos_sewer_entry_sluice, minmay_chambers_of_fives, uniq_edmund
D:6:      layout_loops_ring, gammafunk_ghost_gnarly_gnolls
D:7:      layout_loops_corners, cheibriados_altar_1
D:8:      layout_loops_ring, nicolae_overflow_crystal_walls,
          mainiacjoe_overflow_catwalk, mainiacjoe_overflow_catwalk_spiral,
          serial_glass, glass_columns_a, glass_columns_b, uniq_psyche
D:9:      minmay_the_grid_3x3 [minmay_the_grid_broken_lines,
          minmay_the_grid_fan, minmay_the_grid_minigrid_small_alt,
          minmay_the_grid_tiny_cups, minmay_the_grid_minigrid_small,
          minmay_the_grid_tri_star, minmay_the_grid_tree,
          minmay_the_grid_outer_circle, minmay_the_grid_prize_big_room],
          layout_gridville, okawaru_gym_becter, gammafunk_ghost_necromancy,
          uniq_maggie
D:10:     layout_basic, zin_academy, uniq_erolcha, uniq_erica
D:11:     layout_cave_pods, due_lair_maze_entry_diamond, orc_0_dummy,
          portal_ice_cave_entry_imps, gammafunk_ghost_grave, st_stairs_5,
          uniq_josephine
D:12:     layout_roguey, uniq_snorg

Skill      XL: |  1  2  3  4  5  6  7  8  9 10 11 12 |
---------------+-------------------------------------+-----
Conjurations   | 5 6 7 8 9 10 12 | 12.1
Stealth        | 2 3 4 5 6 |  6.3
Spellcasting   | 3 4 5 7 9 11 13 | 13.9
Dodging        | 2 3 4 5 7 8 |  8.1
Armour         | 1 2 3 |  3.4
Shields        | 1 2 3 4 5 7 8 |  8.1
Fighting       | 1 2 3 4 5 |  5.3

Action                     |  1- 3 |  4- 6 |  7- 9 | 10-12 | 13-15 || total
---------------------------+-------+-------+-------+-------+-------++-------
  Melee: Unarmed           |     5 |       |       |       |       ||     5
         Short sword       |    19 |   127 |   160 |       |       ||   306
         Dagger            |       |       |    62 |   288 |       ||   350
         Scimitar          |       |       |       |    68 |    12 ||    80
  Throw: Boomerang         |       |     3 |       |       |       ||     3
         Javelin           |       |       |     1 |     7 |       ||     8
   Cast: Magic Dart        |    54 |     1 |    19 |     3 |       ||    77
         Searing Ray       |     5 |    30 |    47 |    59 |       ||   141
         Foxfire           |       |       |    41 |     6 |       ||    47
         Mephitic Cloud    |       |       |       |    37 |     6 ||    43
         Fireball          |       |       |       |    38 |       ||    38
         Ignite Poison     |       |       |       |    22 |     3 ||    25
         Iskenderun's Myst |       |       |       |     4 |     1 ||     5
         Orb of Destructio |       |       |       |     2 |       ||     2
  Evoke: Box of beasts     |       |       |       |     1 |       ||     1
    Use: Scroll            |       |       |    18 |     9 |       ||    27
         Potion            |       |       |     1 |     1 |       ||     2
   Stab: Sleeping          |       |     1 |     5 |     2 |       ||     8
         Paralysed         |       |       |     3 |     8 |     1 ||    12
         Confused          |       |       |       |     2 |     2 ||     4
         Distracted        |       |       |       |     1 |       ||     1
 Armour: Robe              |     3 |       |       |       |       ||     3
         Leather armour    |    19 |    58 |   117 |       |       ||   194
         Steam dragon scal |       |       |    29 |   232 |     5 ||   266
  Dodge: Dodged            |    29 |    82 |   164 |   336 |    10 ||   621
  Block: Buckler           |     6 |    53 |   139 |   260 |    12 ||   470
         Reflection        |       |       |       |     1 |       ||     1

Table legend: (Time is in decaauts)
 A = Elapsed time spent in this place.
 B = Non-inter-level travel time spent in this place.
 C = Inter-level travel time spent in this place.
 D = Time resting spent in this place.
 E = Time spent auto-exploring this place.
 F = Levels seen in this place.
 G = Mean time per level.
                   A        B        C        D        E       F      G
               +--------+--------+--------+--------+--------+-----+--------+
         Total |  17324 |  16889 |    435 |   2488 |  10785 |  14 | 1237.4 |
       Dungeon |  15420 |  14985 |    435 |   1856 |  10014 |  12 | 1285.0 |
         Sewer |    737 |    737 |      0 |      0 |    528 |   1 |  737.0 |
      Ice Cave |   1166 |   1166 |      0 |    632 |    243 |   1 | 1166.0 |
               +--------+--------+--------+--------+--------+-----+--------+

Top non-repeatable levels by time:
     D:9: 2665 daAuts
    D:11: 2103 daAuts
     D:3: 1373 daAuts
     D:5: 1339 daAuts
     D:1: 1327 daAuts
    D:10: 1256 daAuts
     D:4: 1244 daAuts
     D:7: 1204 daAuts
   IceCv: 1166 daAuts
     D:8: 981 daAuts
     D:6: 930 daAuts
     D:2: 811 daAuts
   Sewer: 737 daAuts
    D:12: 181 daAuts
